| TOP OF THE 1ST |
|
Princeton Rays batting - Pitching for Burlington Royals : RHP Paul Gibbens
|
|
Pitching: RHP Paul Gibbens
|
|
|
Batting: SHB Luis Verduzco
|
0-0: SINGLE (Groundball, 34D, EV 96.9 MPH)
|
|
Batting: LHB Oscar Curiel
|
0-0: Ball Luis Verduzco is caught stealing 2nd base 2-6 1-0: Fly out, F8 (Line Drive, 78M, EV 89.4 MPH)
|
|
Batting: RHB Bobby Ross
|
0-0: Foul Ball, location: 2F 0-1: Ball 1-1: Ball 2-1: Called Strike 2-2: Foul Ball, location: 2F 2-2: Foul Ball, location: 2F 2-2: SINGLE (Groundball, 4, EV 98.8 MPH)
|
|
Batting: RHB Tim Dower
|
0-0: Ball Bobby Ross steals 2nd base 1-0: Called Strike 1-1: Fly out, F9 (Line Drive, 9LM, EV 90.0 MPH)
|
| Top of the 1st over - 0 runs, 2 hits, 0 errors, 1 left on base; Princeton 0 - Burlington 0 |
| BOTTOM OF THE 1ST |
|
Burlington Royals batting - Pitching for Princeton Rays : LHP John Sceviour
|
|
Pitching: LHP John Sceviour
|
|
|
Batting: RHB Shura Mogilny
|
0-0: Ball 1-0: Ball 2-0: Ball 3-0: Base on Balls
|
|
Batting: RHB Tim Williams
|
0-0: Ball 1-0: Ball 2-0: Called Strike 2-1: Fly out, F7 (Flyball, 7S, EV 83.8 MPH)
|
|
Batting: SHB Alex Cavazos
|
0-0: Called Strike 0-1: Ball Shura Mogilny is caught stealing 2nd base 2-4 1-1: Ball 2-1: Ground out 4-3 (Groundball, 4, EV 83.8 MPH)
|
| Bottom of the 1st over - 0 runs, 0 hits, 0 errors, 0 left on base; Princeton 0 - Burlington 0 |
| TOP OF THE 2ND |
|
Princeton Rays batting - Pitching for Burlington Royals : RHP Paul Gibbens
|
|
Batting: RHB Wan-ling Zhu
|
0-0: Foul Ball, location: 2F 0-1: Foul Ball, location: 2F 0-2: Foul Ball, location: 2F 0-2: Foul Ball, location: 2F 0-2: Ball 1-2: Ball 2-2: Ball 3-2: Ground out 6-3 (Groundball, 6, EV 89.4 MPH)
|
|
Batting: RHB Mikey Sano
|
0-0: Foul Ball, location: 2F 0-1: Foul Ball, location: 2F 0-2: Ball 1-2: Foul Ball, location: 2F 1-2: Foul Ball, location: 2F 1-2: Ball 2-2: DOUBLE (Line Drive, 78M, EV 94.4 MPH)
|
|
Batting: RHB Dave Valdez
|
0-0: Fly out, F8 (Flyball, 8LM, EV 90.6 MPH)
|
|
Batting: RHB Bogumil Filipowski
|
0-0: Ball 1-0: Swinging Strike 1-1: Foul Ball, location: 2F 1-2: Ball 2-2: Strikes out looking
|
| Top of the 2nd over - 0 runs, 1 hit, 0 errors, 1 left on base; Princeton 0 - Burlington 0 |
| BOTTOM OF THE 2ND |
|
Burlington Royals batting - Pitching for Princeton Rays : LHP John Sceviour
|
|
Batting: RHB Hugo Chavez
|
0-0: Fly out, F8 (Flyball, 8RD, EV 90.6 MPH)
|
|
Batting: LHB Jayden Pelayo
|
0-0: Foul Ball, location: 2F 0-1: Called Strike 0-2: Strikes out swinging
|
|
Batting: RHB Masakuni Takeuchi
|
0-0: Ball 1-0: Foul Ball, location: 2F 1-1: Ball 2-1: Ball 3-1: Ground out 5-3 (Groundball, 56, EV 83.8 MPH)
|
| Bottom of the 2nd over - 0 runs, 0 hits, 0 errors, 0 left on base; Princeton 0 - Burlington 0 |
| TOP OF THE 3RD |
|
Princeton Rays batting - Pitching for Burlington Royals : RHP Paul Gibbens
|
|
Batting: LHB Eduardo Lopez
|
0-0: Foul Ball, location: 2F 0-1: Fly out, F8 (Flyball, 8LM, EV 91.9 MPH)
|
|
Batting: SHB Luis Verduzco
|
0-0: Ball 1-0: Foul Ball, location: 2F 1-1: Swinging Strike 1-2: Foul Ball, location: 2F 1-2: Ball 2-2: SOLO HOME RUN (Flyball, 78XD, EV 108.1 MPH), Distance : 414 ft
|
|
Batting: LHB Oscar Curiel
|
0-0: Ball 1-0: SINGLE (Groundball, 6S, EV 62.5 MPH) (infield hit)
|
|
Pitching: LHP Ken Milhouse
|
|
|
Batting: RHB Bobby Ross
|
0-0: Ball 1-0: Ball 2-0: Ball 3-0: Called Strike 3-1: Called Strike 3-2: Foul Ball, location: 2F 3-2: Foul Ball, location: 2F 3-2: Base on Balls Oscar Curiel to second
|
|
Batting: RHB Tim Dower
|
0-0: Ball 1-0: Called Strike 1-1: Foul Ball, location: 2F 1-2: Foul Ball, location: 2F 1-2: Strikes out looking
|
|
Batting: RHB Wan-ling Zhu
|
0-0: Ball 1-0: Ball 2-0: Called Strike 2-1: SINGLE (Line Drive, 9S, EV 103.1 MPH) Oscar Curiel to third Bobby Ross to second Runner from 3rd tries for Home, throw by RF and OUT! 9-2
|
| Top of the 3rd over - 1 run, 3 hits, 0 errors, 2 left on base; Princeton 1 - Burlington 0 |
| BOTTOM OF THE 3RD |
|
Burlington Royals batting - Pitching for Princeton Rays : LHP John Sceviour
|
|
Batting: RHB Jason Conner
|
0-0: Ground out 4-3 (Groundball, 4M, EV 85.0 MPH)
|
|
Batting: RHB Juan Nieves
|
0-0: Swinging Strike 0-1: Ball 1-1: Fly out, F7 (Flyball, 78M, EV 90.6 MPH)
|
|
Batting: RHB Dermott Ayliffe
|
0-0: Called Strike 0-1: Ground out 3-1 (Groundball, 34S, EV 78.1 MPH)
|
| Bottom of the 3rd over - 0 runs, 0 hits, 0 errors, 0 left on base; Princeton 1 - Burlington 0 |
| TOP OF THE 4TH |
|
Princeton Rays batting - Pitching for Burlington Royals : LHP Ken Milhouse
|
|
Batting: RHB Mikey Sano
|
0-0: Ball 1-0: Called Strike 1-1: Swinging Strike 1-2: Strikes out swinging
|
|
Batting: RHB Dave Valdez
|
0-0: Called Strike 0-1: Foul Ball, location: 2F 0-2: Foul Ball, location: 2F 0-2: Ball 1-2: Ball 2-2: Strikes out looking
|
|
Batting: RHB Bogumil Filipowski
|
0-0: Fly out, F5 (Flyball, 5D, EV 87.5 MPH)
|
| Top of the 4th over - 0 runs, 0 hits, 0 errors, 0 left on base; Princeton 1 - Burlington 0 |
| BOTTOM OF THE 4TH |
|
Burlington Royals batting - Pitching for Princeton Rays : LHP John Sceviour
|
|
Batting: RHB Shura Mogilny
|
0-0: Called Strike 0-1: Ball 1-1: Ball 2-1: Called Strike 2-2: Foul Ball, location: 2F 2-2: Foul Ball, location: 2F 2-2: Foul Ball, location: 2F 2-2: Foul Ball, location: 2F 2-2: Strikes out looking
|
|
Batting: RHB Tim Williams
|
0-0: Swinging Strike 0-1: Called Strike 0-2: Ball 1-2: Strikes out swinging
|
|
Batting: SHB Alex Cavazos
|
0-0: Foul Ball, location: 2F 0-1: Fly out, F7 (Line Drive, 7S, EV 85.6 MPH)
|
| Bottom of the 4th over - 0 runs, 0 hits, 0 errors, 0 left on base; Princeton 1 - Burlington 0 |
| TOP OF THE 5TH |
|
Princeton Rays batting - Pitching for Burlington Royals : LHP Ken Milhouse
|
|
Batting: LHB Eduardo Lopez
|
0-0: Called Strike 0-1: Bunted foul 0-2: Ball 1-2: Reached on error, E6 (Groundball, 6, EV 100.0 MPH)
|
|
Batting: SHB Luis Verduzco
|
0-0: Ball 1-0: Ball 2-0: Ball 3-0: Base on Balls Eduardo Lopez to second
|
|
Batting: LHB Oscar Curiel
|
0-0: Called Strike 0-1: Swinging Strike 0-2: Strikes out swinging
|
|
Pitching: RHP Brett Essary
|
|
|
Batting: RHB Bobby Ross
|
0-0: Foul Ball, location: 2F 0-1: Foul Ball, location: 2F 0-2: Ball 1-2: Strikes out swinging
|
|
Batting: RHB Tim Dower
|
0-0: Foul Ball, location: 2F 0-1: Called Strike 0-2: Ball 1-2: Ball 2-2: Ground out 4-3 (Groundball, 4, EV 81.2 MPH)
|
| Top of the 5th over - 0 runs, 0 hits, 1 error, 2 left on base; Princeton 1 - Burlington 0 |
| BOTTOM OF THE 5TH |
|
Burlington Royals batting - Pitching for Princeton Rays : LHP John Sceviour
|
|
Batting: RHB Hugo Chavez
|
0-0: Ball 1-0: Fly out, F9 (Flyball, 9, EV 90.0 MPH)
|
|
Batting: LHB Jayden Pelayo
|
0-0: Fly out, F8 (Line Drive, 78D, EV 93.1 MPH)
|
|
Batting: RHB Masakuni Takeuchi
|
0-0: SOLO HOME RUN (Line Drive, 78XD, EV 109.4 MPH), Distance : 426 ft
|
|
Batting: RHB Jason Conner
|
0-0: SOLO HOME RUN (Flyball, 7LD, EV 93.1 MPH), Distance : 341 ft
|
|
Batting: RHB Juan Nieves
|
0-0: Called Strike 0-1: Ball 1-1: Ball 2-1: Ball 3-1: Called Strike 3-2: Base on Balls
|
|
Batting: RHB Dermott Ayliffe
|
0-0: Swinging Strike 0-1: SINGLE (Groundball, 56D, EV 101.2 MPH) Juan Nieves to second
|
|
Batting: RHB Shura Mogilny
|
0-0: Ball 1-0: Ball 2-0: Fly out, F6 (Flyball, 56D, EV 94.4 MPH)
|
| Bottom of the 5th over - 2 runs, 3 hits, 0 errors, 2 left on base; Princeton 1 - Burlington 2 |
| TOP OF THE 6TH |
|
Princeton Rays batting - Pitching for Burlington Royals : RHP Brett Essary
|
|
Pinch Hitting: SHB Ray Luna
|
0-0: Foul Ball, location: 2F 0-1: Called Strike 0-2: Ball 1-2: Ball 2-2: Foul Ball, location: 2F 2-2: DOUBLE (Line Drive, 89D, EV 105.6 MPH)
|
|
Pinch Hitting: SHB Berthold Frey
|
0-0: Foul Ball, location: 2F 0-1: Ball 1-1: Ball 2-1: Ground out 4-3 (Groundball, 4, EV 85.0 MPH) Ray Luna to third
|
|
Batting: RHB Dave Valdez
|
0-0: Fly out, F4 (Popup, 34, EV 60.0 MPH)
|
|
Batting: RHB Bogumil Filipowski
|
0-0: Foul Ball, location: 2F 0-1: Foul Ball, location: 2F 0-2: Ball 1-2: Foul Ball, location: 2F 1-2: Strikes out swinging
|
| Top of the 6th over - 0 runs, 1 hit, 0 errors, 1 left on base; Princeton 1 - Burlington 2 |
| BOTTOM OF THE 6TH |
|
Burlington Royals batting - Pitching for Princeton Rays : LHP John Sceviour
|
|
Now at 1B: Sean Boenig
|
|
|
Now at 2B: Dave Northam
|
|
|
Now at SS: Dave Valdez
|
|
|
Batting: RHB Tim Williams
|
0-0: Ball 1-0: SOLO HOME RUN (Flyball, 89XD, EV 102.5 MPH), Distance : 398 ft
|
|
Batting: SHB Alex Cavazos
|
0-0: Swinging Strike 0-1: Called Strike 0-2: Fly out, F1 (Line Drive, P, EV 65.0 MPH)
|
|
Batting: RHB Hugo Chavez
|
0-0: Swinging Strike 0-1: Ball 1-1: Foul Ball, location: 2F 1-2: Strikes out swinging
|
|
Batting: LHB Jayden Pelayo
|
0-0: Ball 1-0: Called Strike 1-1: SINGLE (Groundball, 3L, EV 100.0 MPH)
|
|
Pitching: LHP Min Xue
|
|
|
Batting: RHB Masakuni Takeuchi
|
0-0: Called Strike 0-1: Ball 1-1: 2-RUN HOME RUN (Flyball, 9LD, EV 94.4 MPH), Distance : 342 ft
|
|
Batting: RHB Jason Conner
|
0-0: Foul Ball, location: 2F 0-1: Hit by Pitch
|
|
Batting: RHB Juan Nieves
|
0-0: Ball 1-0: Called Strike 1-1: TRIPLE (Line Drive, 89XD, EV 102.5 MPH) Jason Conner scores
|
|
Batting: RHB Dermott Ayliffe
|
0-0: Called Strike 0-1: Swinging Strike 0-2: Ball 1-2: Strikes out swinging
|
| Bottom of the 6th over - 4 runs, 4 hits, 0 errors, 1 left on base; Princeton 1 - Burlington 6 |
| TOP OF THE 7TH |
|
Princeton Rays batting - Pitching for Burlington Royals : RHP Brett Essary
|
|
Batting: LHB Eduardo Lopez
|
0-0: Swinging Strike 0-1: SINGLE (Line Drive, 8RS, EV 87.5 MPH)
|
|
Pitching: RHP Victor Maravilla
|
|
|
Batting: SHB Luis Verduzco
|
0-0: Ball 1-0: Ball 2-0: Foul Ball, location: 2F 2-1: Ball 3-1: Hit by Pitch Eduardo Lopez to second
|
|
Batting: LHB Oscar Curiel
|
0-0: Ball 1-0: Called Strike 1-1: Called Strike 1-2: 3-RUN HOME RUN (Flyball, 9D, EV 99.4 MPH), Distance : 377 ft
|
|
Batting: RHB Bobby Ross
|
0-0: Foul Ball, location: 2F 0-1: Foul Ball, location: 2F 0-2: Ball 1-2: Hit by Pitch
|
|
Batting: RHB Tim Dower
|
0-0: Called Strike 0-1: Ball 1-1: SINGLE (Flyball, 7LS, EV 95.6 MPH) Bobby Ross to second
|
|
Batting: LHB Dave Northam
|
0-0: Ball 1-0: Foul Ball, location: 2F 1-1: Foul Ball, location: 2F 1-2: Foul Ball, location: 2F 1-2: Ball 2-2: Ball 3-2: 3-RUN HOME RUN (Flyball, 9D, EV 96.2 MPH), Distance : 364 ft
|
|
Pitching: LHP Brett Reed
|
|
|
Batting: LHB Sean Boenig
|
0-0: Called Strike 0-1: Swinging Strike 0-2: Strikes out swinging
|
|
Batting: RHB Dave Valdez
|
0-0: Ball 1-0: Swinging Strike 1-1: Ball 2-1: SOLO HOME RUN (Flyball, 7LD, EV 98.1 MPH), Distance : 347 ft
|
|
Batting: RHB Bogumil Filipowski
|
0-0: Ball 1-0: DOUBLE (Line Drive, 9LS, EV 88.1 MPH)
|
|
Batting: LHB Eduardo Lopez
|
0-0: Called Strike 0-1: Ball 1-1: Called Strike 1-2: Strikes out swinging
|
|
Batting: SHB Luis Verduzco
|
0-0: Swinging Strike 0-1: Ball 1-1: SINGLE (Line Drive, 8LS, EV 86.2 MPH) Bogumil Filipowski to third Runner from 3rd tries for Home, throw by CF and OUT! 8-2
|
| Top of the 7th over - 7 runs, 7 hits, 0 errors, 1 left on base; Princeton 8 - Burlington 6 |
| BOTTOM OF THE 7TH |
|
Burlington Royals batting - Pitching for Princeton Rays : LHP Min Xue
|
|
Batting: RHB Shura Mogilny
|
0-0: Swinging Strike 0-1: Fly out, F8 (Line Drive, 8LD, EV 84.4 MPH)
|
|
Batting: RHB Tim Williams
|
0-0: Called Strike 0-1: Called Strike 0-2: Ball 1-2: SINGLE (Flyball, 89S, EV 98.8 MPH)
|
|
Batting: SHB Alex Cavazos
|
0-0: Ball 1-0: Swinging Strike 1-1: Foul Ball, location: 2F 1-2: Ball 2-2: Strikes out swinging
|
|
Batting: RHB Hugo Chavez
|
0-0: Called Strike 0-1: Fly out, F9 (Flyball, 9, EV 92.5 MPH)
|
| Bottom of the 7th over - 0 runs, 1 hit, 0 errors, 1 left on base; Princeton 8 - Burlington 6 |
| TOP OF THE 8TH |
|
Princeton Rays batting - Pitching for Burlington Royals : LHP Brett Reed
|
|
Batting: LHB Oscar Curiel
|
0-0: Ground out U3 (Groundball, 34S, EV 88.1 MPH)
|
|
Batting: RHB Bobby Ross
|
0-0: Called Strike 0-1: Ground out 6-3 (Groundball, 6M, EV 81.2 MPH)
|
|
Batting: RHB Tim Dower
|
0-0: Ball 1-0: Ground out 5-3 (Groundball, 5L, EV 88.1 MPH)
|
| Top of the 8th over - 0 runs, 0 hits, 0 errors, 0 left on base; Princeton 8 - Burlington 6 |
| BOTTOM OF THE 8TH |
|
Burlington Royals batting - Pitching for Princeton Rays : LHP Min Xue
|
|
Batting: LHB Jayden Pelayo
|
0-0: Called Strike 0-1: Ball 1-1: Ground out 4-3 (Groundball, 4, EV 81.9 MPH)
|
|
Batting: RHB Masakuni Takeuchi
|
0-0: Ball 1-0: Swinging Strike 1-1: Fly out, F9 (Flyball, 9, EV 83.1 MPH)
|
|
Batting: RHB Jason Conner
|
0-0: Called Strike 0-1: Ball 1-1: Ball 2-1: Foul Ball, location: 2F 2-2: Hit by Pitch
|
|
Pitching: RHP Mike Balm
|
|
|
Batting: RHB Juan Nieves
|
0-0: Foul Ball, location: 2F 0-1: Foul Ball, location: 2F 0-2: Strikes out swinging
|
| Bottom of the 8th over - 0 runs, 0 hits, 0 errors, 1 left on base; Princeton 8 - Burlington 6 |
| TOP OF THE 9TH |
|
Princeton Rays batting - Pitching for Burlington Royals : LHP Brett Reed
|
|
Batting: LHB Dave Northam
|
0-0: Foul Ball, location: 2F 0-1: Ball 1-1: Fly out, F6 (Popup, 6, EV 61.9 MPH)
|
|
Batting: LHB Sean Boenig
|
0-0: Ground out 1-3 (Groundball, 13, EV 66.9 MPH)
|
|
Batting: RHB Dave Valdez
|
0-0: Called Strike 0-1: Ball 1-1: Ball 2-1: Fly out, F9 (Flyball, 9LSF, EV 92.5 MPH)
|
| Top of the 9th over - 0 runs, 0 hits, 0 errors, 0 left on base; Princeton 8 - Burlington 6 |
| BOTTOM OF THE 9TH |
|
Burlington Royals batting - Pitching for Princeton Rays : RHP Mike Balm
|
|
Pitching: RHP Matt Wicker
|
|
|
Batting: RHB Dermott Ayliffe
|
0-0: Called Strike 0-1: Ball 1-1: Swinging Strike 1-2: Ball 2-2: Ball 3-2: Foul Ball, location: 2F 3-2: Strikes out swinging
|
|
Batting: RHB Shura Mogilny
|
0-0: Ground out 5-3 (Groundball, 56, EV 85.6 MPH)
|
|
Batting: RHB Tim Williams
|
0-0: Ball 1-0: DOUBLE (Line Drive, 3D, EV 95.0 MPH)
|
|
Batting: SHB Alex Cavazos
|
0-0: Called Strike 0-1: Ball 1-1: Ground out 6-3 (Groundball, 6, EV 85.0 MPH)
|
| Bottom of the 9th over - 0 runs, 1 hit, 0 errors, 1 left on base; Princeton 8 - Burlington 6 |
|